 Dungeon Sprint DCSS version 0.29.1-2-gbd0b4ee654 (webtiles) character file.

Game seed: 10047931027785114988

432 Zeld the Cleaver (level 6, -9/82 HPs)
             Began as a Demonspawn Berserker on Oct 28, 2022.
             Was a Believer of Trog.
             Mangled by a merfolk
             ... wielding a +0 trident
              (12 damage)
             ... in the Dungeon (Sprint V: "Ziggurat Sprint").
             The game lasted 00:01:26 (217 turns).

Zeld the Cleaver (Demonspawn Berserker)              Turns: 217, Time: 00:01:26

Health: -9/82      AC: 27    Str: 31    XL:     6   Next: 67%
Magic:  6/6        EV:  3    Int:  9    God:    Trog [**....]
Gold:   0          SH: 24    Dex: 12    Spells: 5/5 levels left

rFire   . . .      SeeInvis +   a - +14 obsidian axe {vorpal, Mesm Drain Fly SInv}
rCold   . . .      Faith    .   c - +18 shield of the Gong {rElec rN+ Will+ EV-5}
rNeg    + . .      Spirit   .   b - +15 Maxwell's patent armour {-Cast -Tele rElec Will+ rCorr}
rPois   .          Reflect  .   (no helmet)
rElec   +          Harm     .   (no cloak)
rCorr   +          Rampage  .   (no gloves)
Will    ++...      NoTele   +   (no boots)
Stlth   .......... NoCast   +   (no amulet)
HPRegen 0.23/turn               v - +6 ring of strength
MPRegen 0.10/turn               w - +6 ring of strength

@: berserking, flying, mesmerised, very quick
A: claws 1, spiny 1, weakness stinger 1
a: Renounce Religion, Berserk, Trog's Hand


You were in the Dungeon.
You worshipped Trog.
Trog was pleased with you.
You visited 1 branch

Inventory:

Hand Weapons
 a - the +14 obsidian axe (weapon) {vorpal, Mesm Drain Fly SInv}
   (You found it in the Dungeon)

   It inflicts extra damage upon your enemies.
   It occasionally summons demons to assist the wielder when it strikes in
   combat.
   Its wielder is mesmerised by any visible foes.
   It cannot be unequipped while any foes are visible.
   SInv:      It lets you see invisible.
   Fly:       It grants you flight.
   Drain:     It drains your maximum health when unequipped.
Armour
 b - the +15 Maxwell's patent armour (worn) {-Cast -Tele rElec Will+ rCorr}
   (You found it in the Dungeon)

   rElec:     It insulates you from electricity.
   -Cast:     It prevents spellcasting.
   -Tele:     It prevents most forms of teleportation.
   rCorr:     It protects you from acid and corrosion.
   Will:      It increases your willpower.
 c - the +18 shield of the Gong (worn) {rElec rN+ Will+ EV-5}
   (You found it in the Dungeon)

   It is deafeningly noisy when blocking attacks.
   EV:        It affects your evasion (-5).
   rElec:     It insulates you from electricity.
   rN:        It protects you from negative energy.
   Will:      It increases your willpower.
Jewellery
 v - a +6 ring of strength (left claw)
 w - a +6 ring of strength (right claw)
Wands
 q - a wand of mindburst (7)
 r - a wand of acid (7)
Scrolls
 h - 4 scrolls of blinking
 l - 7 scrolls of fog
 m - 5 scrolls of identify
 n - 2 scrolls of fear
Potions
 d - 14 potions of heal wounds
 e - 6 potions of haste
 f - 7 potions of magic
 g - 3 potions of berserk rage
 i - 4 potions of resistance
 k - 5 potions of might
 o - 2 potions of invisibility
 p - 10 potions of curing
Miscellaneous
 s - a lightning rod (4/4)


   Skills:
 + Level 7.2 Fighting
 * Level 9.0 Axes
 + Level 6.2 Armour
 + Level 6.2 Dodging


You had 5 spell levels left.
You didn't know any spells.
Your spell library was empty.

Dungeon Overview and Level Annotations

Branches:
Dungeon (1/1)

Altars:
Ashenzari
Cheibriados
Dithmenos
Fedhas
Gozag
Hepliaklqana
Kikubaaqudgha
Makhleb
Nemelex Xobeh
Okawaru
Qazlal
Ru
Sif Muna
Trog
Uskayaw
Vehumet
Wu Jian
Xom
Yredelemnul
Jiyva
Lugonu

Annotations:
D 1 transporter


Innate Abilities, Weirdness & Mutations

You have sharp fingernails.
You are partially covered in sharp spines.
You have a small tail.


Message History

Visions of slaying the merfolk flood into your mind.
The merfolk shouts! x4
Found four items.
Found a transporter.
Unknown command.
The merfolk hits you from afar with a +0 trident.
Unknown command.
Visions of slaying the merfolk flood into your mind.
The merfolk is struck by your spines.
The merfolk hits you but does no damage.
The merfolk hits you from afar with a +0 trident.
You block the merfolk's attack.
GONNNNG!
You block the merfolk's attack.
SHROANNG!
You closely miss the merfolk.
The merfolk is lightly wounded.
You closely miss the merfolk. You completely miss the merfolk.
You block the merfolk's attack.
PTOANNNG!
The merfolk hits you but does no damage.
The merfolk is struck by your spines. The merfolk hits you with a +0 trident.
You closely miss the merfolk.
Your tail-slap misses the merfolk.
The merfolk is lightly wounded.
You slash the merfolk! x2; You open a gate to Pandemonium!
A demon appears!
Visions of slaying the merfolk flood into your mind.
The merfolk hits you from afar with a +0 trident!!
You block the merfolk's attack.
BOUMMMMG!
You block the merfolk's attack.
GONNNNG!
The merfolk hits you but does no damage. x3
The merfolk hits you with a +0 trident! The merfolk is struck by your spines.
The merfolk hits you with a +0 trident!
* * * LOW HITPOINT WARNING * * *
You are too injured to fight recklessly!
Unknown command.
A red film seems to cover your vision as you go berserk!
You feel yourself moving faster!
You feel mighty! The merfolk hits you with a +0 trident!
You die...

▓▓▓▓▓▓▓▓▓▓▓▓▓▓▓▓▓▓▓
▓.8©8.▓.8©8.▓.8©8.▓
▓.}?=.▓.=.).▓.....▓
▓..m..▓..=..▓.....▓
▓.m.m.▓...†.▓.....▓
▓..@m.▓.....▓..††.▓
▓3....▓.....▓..©..▓
▓..©..▓..©..▓▓▓▓▓▓▓
▓▓▓▓▓▓▓▓▓▓▓▓▓


You could see 4 merfolk and a friendly sun demon (summoned).

Vanquished Creatures
  A tarantella (D)
  4 scorpions (D)
5 creatures vanquished.

Notes
Turn   | Place    | Note
-------+----------+-------------------------------------------
     0 | D        | Zeld the Demonspawn Berserker began the quest for the Orb.
     0 | D        | Reached XP level 1. HP: 18/18 MP: 1/1
     5 | D        | Banished a spatial maelstrom
     9 | D        | Found a blossoming altar of Fedhas.
     9 | D        | Found the +6 Majin-Bo {vamp, MP+6 Int+6}
     9 | D        | Found the +9 heavy crossbow "Sniper" {vorpal, Acc+∞ SInv}
     9 | D        | Found the +10 dark maul {vorpal}
     9 | D        | Found the +15 Maxwell's patent armour {-Cast -Tele rElec
                  | Will+ rCorr}
     9 | D        | Found the +18 shield of the Gong {rElec rN+ Will+ EV-5}
     9 | D        | Found the +14 obsidian axe {vorpal, Mesm Drain Fly SInv}
     9 | D        | Found the +7 great mace "Firestarter" {inner flame, rF++}
     9 | D        | Found the +6 shillelagh "Devastator" {shatter}
     9 | D        | Found the +11 plutonium sword {Contam Stlth-}
     9 | D        | Found the +8 lance "Wyrmbane" {slay drac, rPois rF+ rC+
                  | AC+3}
     9 | D        | Found the +9 sword of Zonguldrok {reap}
     9 | D        | Found the +13 scythe of Curses {drain, Drain}
     9 | D        | Found the +5 sword of Power {vorpal}
     9 | D        | Found the +7 mace of Variability {chain chaos}
     9 | D        | Found the +7 Singing Sword {vorpal, sonic wave}
     9 | D        | Found the +8 storm bow {elec, penet}
    10 | D        | Found a viscous altar of Jiyva.
    10 | D        | Found a hazy altar of Hepliaklqana.
    10 | D        | Found a transporter.
    10 | D        | Found an opulent altar of Gozag.
    10 | D        | Found an ancient bone altar of Kikubaaqudgha.
    10 | D        | Found a corrupted altar of Lugonu.
    29 | D        | Found a burning altar of Makhleb.
    30 | D        | Found a stormy altar of Qazlal.
    30 | D        | Found an iron altar of Okawaru.
    30 | D        | Found a sacrificial altar of Ru.
    30 | D        | Found a sparkling altar of Nemelex Xobeh.
    30 | D        | Found a shimmering blue altar of Sif Muna.
    30 | D        | Found a bloodstained altar of Trog.
   106 | D        | Reached skill level 5 in Axes
   106 | D        | Discovered your monstrous ancestry.
   106 | D        | Gained mutation: You have sharp fingernails. [demonic
                  | ancestry]
   106 | D        | Reached XP level 2. HP: 26/26 MP: 2/2
   125 | D        | Entered arena 2.
   125 | D        | Noticed a tarantella
   125 | D        | Noticed a scorpion
   125 | D        | Found a transporter.
   129 | D        | Killed a tarantella
   129 | D        | Killed a scorpion
   130 | D        | Reached skill level 8 in Axes
   130 | D        | Reached skill level 5 in Armour
   130 | D        | Reached skill level 5 in Dodging
   130 | D        | Reached XP level 3. HP: 35/35 MP: 3/3
   130 | D        | Gained mutation: You have a small tail. [demonic ancestry]
   130 | D        | Reached XP level 4. HP: 41/41 MP: 4/4
   130 | D        | Gained mutation: You are partially covered in sharp spines.
                  | [demonic ancestry]
   130 | D        | Reached XP level 5. HP: 47/47 MP: 5/5
   178 | D        | Entered arena 3.
   178 | D        | Found a transporter.
   181 | D        | Reached ** piety under Trog
   182 | D        | Reached XP level 6. HP: 48/53 MP: 6/6
   187 | D        | Reached skill level 9 in Axes
   212 | D        | Entered arena 4.
   212 | D        | Noticed a merfolk
   212 | D        | Noticed a merfolk
   212 | D        | Noticed a merfolk
   212 | D        | Noticed a merfolk
   212 | D        | Found a transporter.
   216 | D        | HP: 2/55 [merfolk/+0 trident (15)]
   217 | D        | Mangled by a merfolk

Illustrated notes

Levels and vault maps discovered:
D:        sprint_v [room_start, room_1, room_2, room_3, room_4, room_5, room_6,
          room_7, room_8, room_9, room_10, room_11, room_12, room_13, room_14,
          room_15, room_16, room_17, room_18, room_19, room_20, room_21,
          room_22, room_23, room_24, room_25, room_26, room_27]

Skill      XL: |  1  2  3  4  5  6 |
---------------+-------------------+-----
Fighting       | 4 6 7 |  7.2
Axes           | 5 8 9 |  9.0
Armour         | 3 5 6 |  6.2
Dodging        | 3 5 6 |  6.2

Action                   |  1- 3 |  4- 6 || total
-------------------------+-------+-------++-------
Melee: Broad axe         |     3 |     8 ||    11
Invok: Berserk           |     1 |     1 ||     2
  Use: Potion            |     1 |       ||     1
Armor: Plate armour      |     2 |     8 ||    10
Block: Kite shield       |     6 |    17 ||    23
